 Dungeon Crawl Stone Soup version 0.25-a0-734-g73332aeda9 (webtiles) character file.

Game seed: 12663537834732695689, levelgen mode: deterministic

81 BowlsofSteal the Twirler (level 4, -1/37 HPs)
             Began as a Draconian Wanderer on Apr 11, 2020.
             Slain by a hobgoblin
             ... wielding a +0 club
              (4 damage)
             ... on level 2 of the Dungeon.
             The game lasted 00:05:01 (1220 turns).

BowlsofSteal the Twirler (Draconian Wanderer)       Turns: 1220, Time: 00:05:02

Health: -1/37      AC:  5    Str: 17    XL:     4   Next: 19%
Magic:  4/4        EV: 12    Int: 12    God:
Gold:   41         SH:  0    Dex:  9    Spells: 3/3 levels left

rFire    . . .     SeeInvis .   a - +2 quarterstaff
rCold    . . .     Gourm    .   (shield currently unavailable)
rNeg     . . .     Faith    .   (armour unavailable)
rPois    .         Spirit   .   (helmet restricted)
rElec    .         Reflect  .   (no cloak)
rCorr    .         Harm     .   (no gloves)
MR       .....                  (no boots)
Stlth    ++........             (no amulet)
HPRegen  0.12/turn              (no ring)
MPRegen  0.09/turn              (no ring)

@: no status effects
A: unfitting armour, cold-blooded, AC +5
a: no special abilities


You were on level 2 of the Dungeon.
You were not hungry.

You visited 1 branch of the dungeon, and saw 2 of its levels.

You collected 41 gold pieces.

Inventory:

Hand Weapons
 a - a +2 quarterstaff (weapon)
 b - a +0 short sword
 d - a +0 dagger
Armour
 h - a +0 robe
 k - a +1 helmet
Scrolls
 e - a scroll of identify {unknown}
 j - a scroll of remove curse {unknown}
 l - a scroll of immolation {unknown}
 m - a scroll of noise {unknown}
Potions
 c - 2 potions of curing
 g - 3 potions of cancellation {unknown}
 i - a potion of invisibility
Comestibles
 f - 3 rations


   Skills:
 + Level 2.6 Fighting
 + Level 4.1 Staves
 + Level 1.2 Dodging
 + Level 4.1 Stealth
   Level 1.0 Shields


You had 3 spell levels left.
You didn't know any spells.
Your spell library was empty.

Dungeon Overview and Level Annotations

Branches:
Dungeon (2/15)

Altars:
Ru


Innate Abilities, Weirdness & Mutations

Your plain brown scales are hard. (AC +5)
You cannot fit into any form of body armour.
You are cold-blooded and may be slowed by cold attacks.


Message History

The hobgoblin shouts!
The hobgoblin hits you but does no damage.
The hobgoblin hits you with a +0 club.
* * * LOW HITPOINT WARNING * * *
The hobgoblin completely misses you. The hobgoblin hits you with a +0 club.
* * * LOW HITPOINT WARNING * * *
The hobgoblin hits you with a +0 club.
* * * LOW HITPOINT WARNING * * *
You hit the hobgoblin.
The hobgoblin is severely wounded.
The hobgoblin hits you with a +0 club.
* * * LOW HITPOINT WARNING * * *
You closely miss the hobgoblin.
The hobgoblin is severely wounded.
The hobgoblin misses you.
The hobgoblin hits you but does no damage.
The hobgoblin barely misses you. The hobgoblin hits you with a +0 club.
You die...

#.. #.# ## #.# . ..
#.#.###.. ##.#......
. #......... ..
#..#..... .. #..#..#
.# . #@g...##..#..
#..#.........
#..##..#..##..#
#............(#
##.........#..#
#.##..#...#..# #.
#..#...#..#..
#.##....)........#.#
.........#......#.##


You could see a hobgoblin.

Vanquished Creatures
  3 adders (D:2)
  A worm (D:2)
  A dart slug (D:1)
  A leopard gecko (D:1)
  4 giant cockroaches
  4 goblins
  6 hobgoblins
  6 jackals (D:1)
  6 bats
  3 frilled lizards
  7 kobolds (D:1)
  4 rats (D:1)
46 creatures vanquished.

Notes
Turn   | Place    | Note
-------+----------+-------------------------------------------
     0 | D:1      | BowlsofSteal the Draconian Wanderer began the quest for the
                  | Orb.
     0 | D:1      | BowlsofSteal set off with the following items: a +2
                  | quarterstaff, a +0 short sword, a potion of curing, a +0
                  | dagger, a ration
     0 | D:1      | Reached XP level 1. HP: 17/17 MP: 1/1
    54 | D:1      | Reached XP level 2. HP: 22/24 MP: 2/2
   383 | D:1      | Reached XP level 3. HP: 21/30 MP: 3/3
  1046 | D:2      | Found a sacrificial altar of Ru.
  1080 | D:2      | Reached skill level 1 in Dodging
  1150 | D:2      | Reached XP level 4. HP: 10/37 MP: 4/4
  1220 | D:2      | Slain by a hobgoblin

Levels and vault maps discovered:
D:1:      scummos_arrival_hexagon, layout_loops_ring
D:2:      layout_basic, hangedman_ru_absence, first_ration, uniq_sigmund,
          uniq_natasha

Skill      XL: |  1  2  3 |
---------------+----------+-----
Stealth        | 4 |  4.1
Dodging        | 1 |  1.2
Staves         | 4 |  4.1
Fighting       | |  2.6
Shields        | |  1.0

Action                   |  1- 3 |  4- 6 || total
-------------------------+-------+-------++-------
Melee: Quarterstaff      |   117 |     8 ||   125
       Tailslap          |     8 |     1 ||     9
 Stab: Distracted        |     1 |       ||     1
       Sleeping          |     1 |       ||     1
  Eat: Ration            |     1 |       ||     1
Armor: Skin              |    56 |     2 ||    58
Dodge: Dodged            |    67 |     5 ||    72

Table legend:
 A = Non-vault XP
 B = Vault XP
 C = Vault XP percentage of total XP
 D = Non-vault monster count
 E = Vault monster count
 F = Vault count percentage of total count
                 A         B        C        D         E       F
            +---------+---------+-------+---------+---------+-------
      Total |     116 |       0 |   0.0 |      46 |       0 |   0.0
            +---------+---------+-------+---------+---------+-------
        D:1 |      57 |       0 |   0.0 |      33 |       0 |   0.0
        D:2 |      59 |       0 |   0.0 |      13 |       0 |   0.0
            +---------+---------+-------+---------+---------+-------
